 Seeded DCSS version 0.29-a0-72-g1732ff48e7 (webtiles) character file.

Game seed: 20220131 (custom seed)

209282 flotson the Fighter (level 18, -18/147 HPs)
             Began as a Demonspawn Gladiator on Jan 31, 2022.
             Was an Initiate of Gozag.
             Demolished by Arachne (27 damage)
             ... on level 2 of the Spider Nest on Feb 4, 2022.
             The game lasted 01:37:57 (39247 turns).

flotson the Fighter (Demonspawn Gladiator)         Turns: 39247, Time: 01:37:57

Health: -18/147    AC: 46    Str: 31    XL:     18   Next: 52%
Magic:  0/27       EV: 11    Int:  7    God:    Gozag
Gold:   3691       SH:  0    Dex: 13    Spells: 17/17 levels left

rFire   + + +      SeeInvis .   z - +2 war axe (vamp)
rCold   + . .      Faith    .   t - +2 buckler {rC+}
rNeg    . . .      Spirit   +   p - +8 plate armour "Wab Uto" {+Inv rElec Int-3 Dex+3}
rPois   .          Reflect  .   X - +2 hat of the Bear Spirit {Spirit, *Rage Will++}
rElec   +          Harm     .   (cloak unavailable)
rCorr   +          Rampage  +   g - +1 pair of gloves of Zinu {rElec MP+9 Slay+4}
Will    +++..      Rage     21% w - +0 pair of boots {rampage}
Stlth   ..........              H - amulet of regeneration
HPRegen 1.14/turn               L - ring of Vougg {*Slow rF+++ AC+4 Str+7 Dex-5}
MPRegen 0.20/turn               G - ring "Fumaurosch" {rF+ rCorr EV+4 Str+4 Int-2}

@: lethally poisoned (-18 -> -33), gold aura, sanguine armoured, held, slowed,
glowing, studying 4 skills, very slow
A: ignite blood 1, spiny 2, sanguine armour 3, corrupting presence 1, weakness
stinger 3, berserk 1
a: Renounce Religion, Evoke Invisibility, Potion Petition, Call Merchant, Bribe
Branch


You were on level 2 of the Spider Nest.
You worshipped Gozag.
Gozag was most pleased with you.
You visited 6 branches of the dungeon, and saw 29 of its levels.
You also visited: Ossuary and Ice Cave.

You collected 11566 gold pieces.
You spent 3250 gold pieces at shops.
You paid 4625 gold pieces to Gozag.

Inventory:

Hand Weapons
 a - the +9 trident of Gallantry {vorpal, rPois rC++ Will+ Str-5}
   (You found it on level 9 of the Dungeon)

   It inflicts extra damage upon your enemies.
   Str:       It affects your strength (-5).
   rC:        It greatly protects you from cold.
   rPois:     It protects you from poison.
   Will:      It increases your willpower.
 b - the +9 fustibalus of Qororph {flame, rElec rF- Int+3}
   (You found it on level 3 of the Elven Halls)

   Any ammunition fired from it burns those it strikes, dealing additional fire
   damage.
   Int:       It affects your intelligence (+3).
   rF:        It makes you vulnerable to fire.
   rElec:     It insulates you from electricity.
 z - a +2 vampiric war axe (weapon)
Missiles
 i - 6 boomerangs of dispersal
 m - 194 sling bullets
 N - 10 javelins (quivered)
 V - a curare-tipped dart
 Z - 2 throwing nets
Armour
 g - the +1 pair of gloves of Zinu (worn) {rElec MP+9 Slay+4}
   (You acquired it on level 1 of the Elven Halls)

   Slay:      It affects your accuracy & damage with ranged weapons and melee
   (+4).
   rElec:     It insulates you from electricity.
   MP:        It affects your magic capacity (+9).
 p - the +8 plate armour "Wab Uto" (worn) {+Inv rElec Int-3 Dex+3}
   (You took it off a deep elf master archer on level 3 of the Elven Halls)

   Int:       It affects your intelligence (-3).
   Dex:       It affects your dexterity (+3).
   rElec:     It insulates you from electricity.
   +Inv:      It lets you turn invisible.
 t - a +2 buckler of cold resistance (worn)
 w - a +0 pair of boots of rampaging (worn)
 X - the +2 hat of the Bear Spirit (worn) {Spirit, *Rage Will++}
   (You found it on level 6 of the Lair of Beasts)

   Going berserk makes the wearer tougher, and they're slowed less afterward.
   *Rage:     It berserks you when you make melee attacks (+20% chance).
   Will:      It greatly increases your willpower.
Jewellery
 r - a ring of flight
 G - the ring "Fumaurosch" (right hand) {rF+ rCorr EV+4 Str+4 Int-2}
   (You took it off a deep elf death mage on level 3 of the Elven Halls)

   [ring of evasion]

   EV:        It affects your evasion (+4).
   Str:       It affects your strength (+4).
   Int:       It affects your intelligence (-2).
   rF:        It protects you from fire.
   rCorr:     It protects you from acid and corrosion.
 H - an amulet of regeneration (around neck)
 J - a ring of see invisible
 L - the ring of Vougg (left hand) {*Slow rF+++ AC+4 Str+7 Dex-5}
   (You bought it in a shop on level 2 of the Orcish Mines)

   [ring of protection]

   AC:        It affects your AC (+4).
   Str:       It affects your strength (+7).
   Dex:       It affects your dexterity (-5).
   rF:        It renders you almost immune to fire.
   *Slow:     It may slow you when you take damage.
Wands
 f - a wand of paralysis (15)
 I - a wand of digging (14)
 P - a wand of acid (21)
 Q - a wand of mindburst (16)
 Y - a wand of iceblast (18)
Scrolls
 d - 4 scrolls of fog
 e - 4 scrolls of fear
 h - 10 scrolls of vulnerability
 k - 7 scrolls of magic mapping
 n - 6 scrolls of immolation
 q - 6 scrolls of blinking
 u - a scroll of summoning
 v - 11 scrolls of teleportation
 y - a scroll of silence
 B - a scroll of holy word
 C - 4 scrolls of enchant weapon
 T - 6 scrolls of torment
Potions
 j - 3 potions of resistance
 l - 5 potions of might
 o - a potion of haste
 s - 10 potions of curing
 x - 6 potions of berserk rage
 A - a potion of cancellation
 D - 3 potions of ambrosia
 E - 5 potions of lignification
 F - 3 potions of invisibility
 K - 11 potions of heal wounds
 R - 6 potions of attraction
Miscellaneous
 c - a condenser vane
 M - a lightning rod (4/4)
 O - a tin of tremorstones (2/2)
 S - a phantom mirror
 U - a piece from Xom's chessboard (15/15)
 W - a phial of floods


   Skills:
 + Level 14.5 Fighting
 + Level 13.5(13.6) Axes
 - Level 0.5(8.7) Polearms
 + Level 12.4 Throwing
 + Level 13.2 Armour
 + Level 13.6 Dodging
 + Level 8.4 Shields
 + Level 12.5 Evocations


You had 17 spell levels left.
You didn't know any spells.
Your spell library contained the following spells:

 Spells                   Type           Power      Damage    Failure   Level
 Foxfire                  Conj/Fire      0%         2x1d4     97%         1
 Magic Dart               Conj           0%         1d3       97%         1
 Pain                     Necr           0%         1d4       97%         1
 Sandblast                Erth           0%         2d4       97%         1
 Corpse Rot               Necr/Air       0%         N/A       99%         2
 Ensorcelled Hibernation  Hex/Ice        0%         N/A       99%         2
 Passwall                 Tmut/Erth      0%         N/A       99%         2
 Static Discharge         Conj/Air       0%         N/A       99%         2
 Conjure Flame            Conj/Fire      0%         6-21      100%        3
 Dazzling Flash           Conj/Hex       0%         N/A       100%        3
 Gell's Gravitas          Tloc           0%         N/A       100%        3
 Ignite Poison            Fire/Tmut/Pois 0%         N/A       100%        3
 Inner Flame              Hex/Fire       0%         N/A       100%        3
 Lesser Beckoning         Tloc           0%         N/A       100%        3
 Mephitic Cloud           Conj/Pois/Air  0%         N/A       100%        3
 Ozocubu's Armour         Ice            0%         N/A       100%        3
 Spider Form              Tmut/Pois      0%         N/A       100%        3
 Stone Arrow              Conj/Erth      0%         3d7       100%        3
 Swiftness                Air            0%         N/A       100%        3
 Teleport Other           Tloc           0%         N/A       100%        3
 Dispel Undead            Necr           0%         3d6       100%        4
 Flame Wave               Conj/Fire      0%         2d4       100%        4
 Iskenderun's Mystic Bla  Conj/Tloc      0%         2d3       100%        4
 Olgreb's Toxic Radiance  Pois           0%         N/A       100%        4
 Sticky Flame             Conj/Fire      0%         2d3       100%        4
 Borgnjor's Vile Clutch   Necr/Erth      0%         N/A       100%        5
 Freezing Cloud           Conj/Ice/Air   0%         6-21      100%        5
 Iskenderun's Battlesphe  Conj           0%         2d6       100%        5
 Lightning Bolt           Conj/Air       0%         1d11      100%        5
 Dispersal                Tloc           0%         N/A       100%        6
 Iron Shot                Conj/Erth      0%         9d1       100%        6
 Starburst                Conj/Fire      0%         6d3       100%        6
 Ozocubu's Refrigeration  Ice            0%         4d5       100%        7
 Spellforged Servitor     Conj/Summ      0%         N/A       100%        7
 Ignition                 Fire           0%         3d3       100%        8
 Maxwell's Capacitive Co  Air            0%         ∞         100%        8
 Necromutation            Tmut/Necr      0%         N/A       100%        8
 Chain Lightning          Conj/Air       0%         N/A       100%        9
 Death's Door             Necr           0%         N/A       100%        9
 Fire Storm               Conj/Fire      0%         5d1       100%        9


Dungeon Overview and Level Annotations

Branches:
Dungeon (15/15)            Temple (1/1) D:6            Lair (6/6) D:11
  Swamp (0/4) Lair:4       Spider (2/4) Lair:4        Slime (0/5) Lair:6
    Orc (2/2) D:10            Elf (3/3) Orc:2        Vaults (0/5) D:14
 Depths (0/4) D:15        Ossuary (visited)           IceCv (visited)

Altars:
Dithmenos
Elyvilon
Fedhas
Gozag
Hepliaklqana
Kikubaaqudgha
Makhleb
Nemelex Xobeh
Qazlal
Ru
Sif Muna
Trog
Uskayaw
Vehumet
Wu Jian
Xom
Yredelemnul
Zin
The Shining One
Jiyva

Shops:
D:8 *   Orc:2 ?*:((**[[   Elf:1 ==:

Portals:
Pandemonium: Orc:2

Annotations:
Spider:2 Arachne


Innate Abilities, Weirdness & Mutations

Your demonic aura sometimes causes spilled blood to erupt in flames.
You are mostly covered in sharp spines.
When seriously injured, your blood forms very thick armour. (AC +12)
Your presence sometimes corrodes those you injure.
You have a sharp stinger which inflicts weakening toxins.
You tend to lose your temper in combat.


Message History

* * * LOW HITPOINT WARNING * * *
You are more poisoned.
You block the sun moth's attack.
You feel much better.
You feel very sick.
You block the jumping spider's attack. x2
Arachne casts a spell at you. The bolt of poison hits you!!!
You are more poisoned.
* * * LOW HITPOINT WARNING * * *
You feel as though you will be slow longer.
You block the sun moth's attack.
The jumping spider is struck by your spines.
The jumping spider pounces on you but does no damage.
The jumping spider barely misses you.
Arachne says, "You'll find yourself a bit attached to my weave."
Arachne hits you but does no damage. Arachne envenoms you!
* * * LOW HITPOINT WARNING * * *
You are more poisoned.
The sun moth barely misses you.
The jumping spider is struck by your spines.
The jumping spider pounces on you but does no damage.
The jumping spider bites you but does no damage.
Unknown command.
You feel much better.
* * * LOW HITPOINT WARNING * * *
You feel extremely sick.
Arachne says, "Come closer, little fly."
Arachne stares at you and mumbles some strange words.
The poison arrow misses you.
The jumping spider leaps!
Arachne says, "No one escapes my webs."
Arachne points her staff at you, shooting a stream of webbing.
The stream of webbing hits you but does no damage.
You are caught in a web!
The sun moth is struck by your spines. The sun moth barely misses you.
The tarantella is struck by your spines.
The tarantella barely misses you. Arachne hits you but does no damage.
Arachne envenoms you!!
You die...
Your body crumbles into a pile of gold.

..... ..?... .....#
..... . ........ ..#.
.. ......s.^##...#...
.^^.......#..(....
.....>..$..°....^.
...........sH....#≈≈
............#.@y....≈≈
$
...^..........°.##..≈≈≈
......#..#.....^..# ≈≈≈
#.....)....#....(## #
..........##.....#
................##
.........^......#
........^......##
..........##...#


You could see Arachne (corroded, weak), a sun moth, a jumping spider (corroded)
and a tarantella.

Vanquished Creatures
  2 deep elf blademasters (Elf:3)
  2 deep elf master archers (Elf:3)
  Frances (D:12)
  Agnes (Spider:1)
  5 deep elf sorcerers (Elf:3)
  Aizul (Elf:1)
  2 emperor scorpions
  A stone giant (D:15)
  Nessos (D:15)
  6 deep elf annihilators
  3 entropy weavers
  4 deep elf demonologists
  A spark wasp (Spider:2)
  An ettin (Orc:1)
  6 deep elf death magi
  Josephine (D:15)
  A shambling mangrove (D:11)
  3 deep elf high priests (Elf:3)
  4 vault guards
  2 catoblepae
  A demonspawn (Orc:2)
  8 centaur warriors
  An ogre mage (D:15)
  11 hydras
  An ice dragon (Lair:6)
  An ironbound frostheart (IceCv)
  6 boulder beetles
  A radroach (Lair:4)
  4 tengu warriors
  The ghost of dracfodder the Basher, a journeyman GrBe of Trog (D:11)
  Urug (D:10)
  7 orc high priests
  14 death yaks
  8 two-headed ogres
  16 deep elf knights
  Nergalle (D:10)
  A sea snake (shapeshifter) (Elf:3)
  A pharaoh ant (Spider:1)
  A sun moth (Lair:4)
  An orb spider (Spider:1)
  A deep troll (D:15)
  22 deep elf archers
  Pikel (D:4)
  2 wizards (D:15)
  45 deep elf pyromancers
  3 lindwurms
  8 ugly things
  5 orc knights (Orc:2)
  2 steelbarb worms (Lair:4)
  4 wolf spiders
  24 deep elf zephyrmancers
  6 cyclopes
  A salamander (shapeshifter) (D:14)
  8 orc sorcerers
  An oklob plant (D:11)
  11 elephants
  5 manticores
  An ice statue (IceCv)
  9 black mambas
  7 torpor snails
  17 cane toads
  2 rime drakes
  3 gargoyles
  An unseen horror (D:12)
  4 demonic crawlers
  6 komodo dragons
  2 tengu conjurers (D:15)
  3 ice devils
  2 red devils (Orc:2)
  17 polar bears
  5 tyrant leeches
  6 tarantellas
  7 trolls
  A wind drake (shapeshifter) (Elf:2)
  14 blink frogs
  4 raiju (Lair:6)
  7 slime creatures
  6 dream sheep
  10 hornets
  2 jumping spiders (shapeshifter)
  12 jumping spiders
  10 culicivoras
  Sigmund (D:5)
  8 wraiths
  70 yaks
  A ynoxinul (Orc:2)
  3 water elementals
  2 air elementals
  5 wyverns
  4 basilisks
  2 fire elementals
  A neqoxec (Orc:2)
  2 large abominations (Elf:1)
  A steam dragon (D:9)
  5 vampire mosquitoes
  26 redbacks
  Menkaure (D:5)
  Edmund (D:6)
  9 wargs
  2 swamp worms (Lair:4)
  2 acid dragons
  11 hell hounds (Lair:6)
  14 water moccasins
  29 orc warriors
  2 ice beasts (D:8)
  13 black bears
  11 centaurs
  7 ogres
  2 lemures (D:4)
  23 wolves
  2 phantoms (D:4)
  3 elf zombies (Elf:1)
  4 kobold brigands
  11 bullfrogs
  2 scorpions (D:5)
  A water moccasin zombie (D:5)
  2 earth elementals (Elf:3)
  9 killer bees (D:9)
  A ballistomycete (D:11)
  A wight (D:8)
  4 howler monkeys
  2 jellies (D:6)
  4 centaur zombies
  Crazy Yiuf (D:3)
  A centaur skeleton (D:6)
  21 orc priests
  A bullfrog skeleton (D:7)
  2 hounds
  25 orc wizards
  A scorpion zombie (D:5)
  6 hell rats
  A killer bee zombie (D:6)
  11 mummies (Ossuary)
  8 gnolls
  6 adders
  A howler monkey skeleton (D:6)
  A white imp (D:8)
  3 ufetubi
  An adder skeleton (D:4)
  2 worms
  5 dart slugs
  65 orcs
  8 ball pythons
  9 endoplasms
  2 giant cockroaches
  15 goblins
  10 hobgoblins
  8 jackals
  3 quokkas
  8 bats
  3 frilled lizards
  3 goblin skeletons (Ossuary)
  17 kobolds
  3 kobold skeletons (Ossuary)
  2 orc skeletons (Ossuary)
  6 rats
  11 rat skeletons (Ossuary)
1015 creatures vanquished.

Vanquished Creatures (others)
  An ironbound frostheart (IceCv)
  30 dancing weapons
  4 deep elf knights
  2 deep elf archers
  A deep elf pyromancer (Elf:3)
  A deep elf zephyrmancer (Elf:1)
  2 yaks (IceCv)
  An orc (D:10)
  A ballistomycete spore (D:11)
  A bush (Lair:5)
  25 fungi
  78 plants
  9 toadstools (D:6)
156 creatures vanquished.

Grand Total: 1171 creatures vanquished

Notes
Turn   | Place    | Note
-------+----------+-------------------------------------------
     0 | D:1      | flotson the Demonspawn Gladiator began the quest for the
                  | Orb.
     0 | D:1      | Reached XP level 1. HP: 16/16 MP: 1/1
   201 | D:1      | Gained mutation: You are partially covered in sharp spines.
                  | [demonic ancestry]
   201 | D:1      | Reached XP level 2. HP: 19/22 MP: 2/2
   548 | D:1      | Reached XP level 3. HP: 28/28 MP: 3/3
   654 | D:1      | Reached skill level 1 in Armour
  1120 | D:2      | Reached XP level 4. HP: 34/34 MP: 4/4
  1475 | D:2      | Found a faded altar of an unknown god.
  2108 | D:3      | Gained mutation: You have a small tail. [demonic ancestry]
  2108 | D:3      | Reached XP level 5. HP: 33/40 MP: 5/5
  2112 | D:3      | Reached skill level 3 in Fighting
  2489 | D:3      | Found a runed translucent door.
  2490 | D:3      | Noticed Crazy Yiuf
  2736 | D:3      | Killed Crazy Yiuf
  2957 | D:4      | Noticed a phantom
  3031 | D:4      | Noticed an ogre
  3054 | D:4      | Killed an ogre
  3055 | D:4      | Reached XP level 6. HP: 41/47 MP: 6/6
  3220 | D:4      | Reached skill level 1 in Evocations
  3246 | D:4      | Found a sand-covered staircase.
  3347 | Ossuary  | Entered an ossuary
  3756 | Ossuary  | Gained mutation: When seriously injured, your blood forms
                  | armour. (AC +12) [demonic ancestry]
  3756 | Ossuary  | Reached XP level 7. HP: 29/53 MP: 7/7
  4869 | D:5      | Entered Level 5 of the Dungeon
  4869 | D:5      | Noticed Sigmund
  4875 | D:5      | Killed Sigmund
  4876 | D:5      | Reached skill level 4 in Fighting
  5067 | D:4      | Gained mutation: When seriously injured, your blood forms
                  | thick armour. (AC +12) [demonic ancestry]
  5067 | D:4      | Reached XP level 8. HP: 39/61 MP: 8/8
  5213 | D:5      | Noticed Edmund
  5515 | D:6      | Killed Edmund
  5827 | D:5      | Noticed Menkaure
  5835 | D:5      | Killed Menkaure
  5836 | D:5      | Reached skill level 5 in Fighting
  5836 | D:5      | Reached skill level 5 in Axes
  5836 | D:5      | Reached skill level 5 in Dodging
  5927 | D:5      | Noticed Pikel
  6183 | D:4      | Killed Pikel
  6184 | D:4      | Reached XP level 9. HP: 34/68 MP: 9/9
  6402 | D:5      | Reached skill level 5 in Throwing
  7736 | D:6      | Reached skill level 6 in Fighting
  7736 | D:6      | Reached skill level 5 in Armour
  7914 | D:6      | Found a staircase to the Ecumenical Temple.
  7920 | Temple   | Entered the Ecumenical Temple
  7973 | Temple   | Became a worshipper of Gozag Ym Sagoz the Greedy
  8071 | D:7      | Reached skill level 5 in Evocations
  8736 | D:7      | Reached XP level 10. HP: 68/75 MP: 10/10
  9476 | D:8      | Found Ojiryata's Assorted Antiques.
  9506 | D:8      | Bought a jewelled hand axe for 272 gold pieces
  9506 | D:8      | Identified the +3 hand axe of Xyac {drain, Int+7 Dex+7}
                  | (You bought it in a shop on level 8 of the Dungeon)
  9506 | D:8      | Bought a pair of runed gloves for 255 gold pieces
 10219 | D:9      | Noticed a two-headed ogre
 10427 | D:9      | Killed a two-headed ogre
 10856 | D:9      | Identified the +9 trident of Gallantry {vorpal, rPois rC++
                  | Will+ Str-5}
 11264 | D:10     | Entered Level 10 of the Dungeon
 11293 | D:10     | Noticed Urug
 11661 | D:10     | Noticed Nergalle
 11666 | D:10     | Killed Nergalle
 11667 | D:10     | Reached skill level 7 in Fighting
 11914 | D:10     | Found the +4 robe of Augmentation {Str+4 Int+4 Dex+4}
 12227 | D:10     | Killed Urug
 12228 | D:10     | Gained mutation: You have a tail ending in a sharp stinger.
                  | [demonic ancestry]
 12228 | D:10     | Reached XP level 11. HP: 55/84 MP: 11/11
 12589 | D:10     | Found a staircase to the Orcish Mines.
 12758 | D:11     | Noticed a two-headed ogre
 12766 | D:11     | Killed a two-headed ogre
 12771 | D:11     | Paralysed by a hornet for 2 turns
 12898 | D:11     | Noticed a six-headed hydra
 13116 | D:11     | Killed a six-headed hydra
 13341 | D:11     | Identified the +6 flail of the Depths {vorpal, Dex+4}
 13448 | D:11     | Noticed an eight-headed hydra
 13457 | D:11     | Killed an eight-headed hydra
 13681 | D:11     | Found a runed translucent door.
 13681 | D:11     | Noticed dracfodder's ghost (journeyman GrBe)
 13694 | D:11     | Noticed a brown ugly thing
 13705 | D:11     | Killed a brown ugly thing
 13706 | D:11     | Reached skill level 8 in Fighting
 14035 | D:11     | Found a staircase to the Lair.
 14035 | D:11     | Noticed an oklob plant
 14036 | D:11     | Noticed an oklob plant
 14036 | D:11     | Noticed an oklob plant
 14129 | D:11     | Killed an oklob plant
 14963 | D:11     | an oklob plant changed into a ballistomycete
 15420 | D:11     | Noticed a shambling mangrove
 15420 | D:11     | an oklob plant changed into a shambling mangrove
 15547 | D:11     | Killed a shambling mangrove
 16055 | D:11     | Upgraded the game from 0.29-a0-23-ga79f92ac9c to
                  | 0.29-a0-40-g8eb35efe60
 16095 | Lair:1   | Entered Level 1 of the Lair of Beasts
 16165 | Lair:1   | Gained mutation: When seriously injured, your blood forms
                  | very thick armour. (AC +12) [demonic ancestry]
 16165 | Lair:1   | Reached XP level 12. HP: 77/94 MP: 12/12
 16233 | Lair:1   | Noticed a six-headed hydra
 16243 | Lair:1   | Killed a six-headed hydra
 16473 | Lair:1   | Found a frozen archway.
 16501 | IceCv    | Entered an ice cave
 16805 | IceCv    | Noticed a death yak
 16825 | IceCv    | Killed a death yak
 16828 | IceCv    | Reached skill level 9 in Fighting
 17220 | IceCv    | Noticed a death yak
 17220 | IceCv    | Noticed a death yak
 17238 | IceCv    | Killed a death yak
 17247 | IceCv    | Killed a death yak
 17516 | IceCv    | Noticed a death yak
 17526 | IceCv    | Killed a death yak
 17783 | IceCv    | Noticed an ironbound frostheart
 17783 | IceCv    | Noticed a death yak
 17783 | IceCv    | Noticed a death yak
 17783 | IceCv    | Noticed a death yak
 17783 | IceCv    | Noticed an ironbound frostheart
 17796 | IceCv    | Killed a death yak
 17810 | IceCv    | Killed a death yak
 17811 | IceCv    | Reached XP level 13. HP: 54/101 MP: 13/13
 20286 | Lair:2   | Reached skill level 10 in Fighting
 22189 | Lair:4   | Reached skill level 10 in Dodging
 22206 | Lair:4   | Gained mutation: You have a sharp stinger which inflicts
                  | weakening toxins. [demonic ancestry]
 22206 | Lair:4   | Reached XP level 14. HP: 111/111 MP: 14/14
 22273 | Lair:4   | Found a hole to the Spider Nest.
 22459 | Lair:4   | Found a staircase to the Swamp.
 22999 | Lair:5   | Reached skill level 10 in Axes
 23016 | Lair:5   | Reached skill level 10 in Evocations
 23654 | Lair:6   | Entered Level 6 of the Lair of Beasts
 23979 | Lair:6   | Reached skill level 10 in Throwing
 23985 | Lair:6   | Reached skill level 11 in Fighting
 24272 | Lair:6   | Reached skill level 10 in Armour
 24365 | Lair:6   | Found a viscous altar of Jiyva.
 24365 | Lair:6   | Found a staircase to the Slime Pits.
 25444 | Lair:6   | Found the +2 hat of the Bear Spirit {Spirit, *Rage Will++}
 25887 | Lair:6   | Found a runed translucent door.
 26037 | Lair:6   | Gained mutation: Your presence sometimes corrodes those you
                  | injure. [demonic ancestry]
 26037 | Lair:6   | Reached XP level 15. HP: 119/119 MP: 13/15
 26089 | Lair:6   | Paralysed by a hornet for 1 turns
 26357 | Orc:1    | Entered Level 1 of the Orcish Mines
 26679 | Orc:2    | Entered Level 2 of the Orcish Mines
 26976 | Orc:2    | Found a staircase to the Elven Halls.
 27239 | Orc:2    | Found Zoutaarar's Magic Scroll Emporium.
 27266 | Orc:2    | Found Fotaami's General Store.
 27329 | Orc:2    | Bought a scroll of identify for 28 gold pieces
 27332 | Orc:2    | Bought a scroll of identify for 28 gold pieces
 27333 | Orc:2    | Bought a scroll of torment for 105 gold pieces
 27335 | Orc:2    | Bought a scroll of brand weapon for 280 gold pieces
 27645 | Orc:2    | Gained mutation: You are dopey. (Int -2) [a neqoxec]
 27651 | Orc:2    | Gained mutation: You are frail. (-10% HP) [a neqoxec]
 27970 | Orc:2    | Reached skill level 12 in Fighting
 28201 | Orc:2    | Found Nefiuguz's Book Shop.
 28201 | Orc:2    | Found Epuho's Antique Weapon Boutique.
 28202 | Orc:2    | Found a one-way gate leading to the halls of Pandemonium.
 28223 | Orc:2    | Bought a dark potion for 22 gold pieces
 28223 | Orc:2    | Bought a scroll labelled PAZUNE MAILI for 25 gold pieces
 28223 | Orc:2    | Bought a scroll labelled SEIXOZXAROI for 25 gold pieces
 28223 | Orc:2    | Bought a scroll labelled UDIJUCL BARY for 25 gold pieces
 28223 | Orc:2    | Bought a scroll labelled UDIJUCL BARY for 25 gold pieces
 28227 | Orc:2    | Bought a twisted scale mail for 234 gold pieces
 28227 | Orc:2    | Identified the +0 scale mail "Pengis" {Fly Dex+4} (You
                  | bought it in a shop on level 2 of the Orcish Mines)
 28227 | Orc:2    | Bought a scroll labelled XIXTAI ASMA for 26 gold pieces
 28227 | Orc:2    | Bought a scroll labelled SEIXOZXAROI for 26 gold pieces
 28227 | Orc:2    | Bought a scroll of identify for 52 gold pieces
 28230 | Orc:2    | Bought a runed chain mail for 195 gold pieces
 28230 | Orc:2    | Bought a pair of glowing boots for 195 gold pieces
 28561 | D:12     | Reached skill level 1 in Shields
 28573 | D:12     | Noticed Frances
 28589 | D:12     | Killed Frances
 29478 | D:13     | Identified the +4 hand axe of Exchange {freeze, *Noise
                  | Will++ Str+9 Dex-3}
 30049 | D:14     | Found a gate to the Vaults.
 30644 | Orc:2    | Bought the ring of Vougg {*Slow rF+++ AC+4 Str+7 Dex-5} for
                  | 1072 gold pieces
 30665 | Orc:2    | Bought a runed chain mail for 180 gold pieces
 30665 | Orc:2    | Bought a glowing chain mail for 180 gold pieces
 30774 | D:11     | Killed dracfodder's ghost
 30944 | D:14     | Reached XP level 16. HP: 115/115 MP: 11/16
 31235 | D:14     | Got the Reference Book on Venomous Flames
 31675 | D:15     | Entered Level 15 of the Dungeon
 31807 | D:15     | Noticed Josephine
 31824 | D:15     | Killed Josephine
 31884 | D:15     | Found a staircase to the Depths.
 32076 | D:15     | Noticed Nessos
 32081 | D:15     | Killed Nessos
 32438 | D:15     | Upgraded the game from 0.29-a0-40-g8eb35efe60 to
                  | 0.29-a0-72-g1732ff48e7
 32609 | Elf:1    | Entered Level 1 of the Elven Halls
 32943 | Elf:1    | Reached skill level 5 in Shields
 33178 | Elf:1    | Noticed Aizul
 33206 | Elf:1    | Reached skill level 13 in Fighting
 33269 | Elf:1    | Killed Aizul
 33639 | Elf:1    | Paralysed by an air elemental for 1 turns
 33915 | Elf:1    | Found Aleinets's Book Emporium.
 33916 | Elf:1    | Found Hiugh's Jewellery Shop.
 33916 | Elf:1    | Found Niumu's Jewellery Shop.
 34155 | Elf:1    | Got the Guide on Stolen Souls
 34171 | Elf:1    | Identified 2 scrolls of acquirement
 34172 | Elf:1    | Acquired a manual of Summonings
 34174 | Elf:1    | Acquired the +1 pair of gloves of Zinu {rElec MP+9 Slay+4}
 34522 | Elf:2    | Found a runed translucent gate.
 34522 | Elf:2    | Found a runed translucent gate.
 34522 | Elf:2    | Found a runed translucent gate.
 34575 | Elf:2    | Gained mutation: Your demonic aura sometimes causes spilled
                  | blood to erupt in flames. [demonic ancestry]
 34575 | Elf:2    | Reached XP level 17. HP: 123/123 MP: 17/17
 34582 | Elf:2    | Identified the +9 hand axe "Omnann" {freeze, rElec}
 36167 | Elf:3    | Entered Level 3 of the Elven Halls
 36335 | Elf:3    | Noticed a deep elf blademaster
 36347 | Elf:3    | Killed a deep elf blademaster
 36354 | Elf:3    | Reached skill level 14 in Fighting
 36853 | Elf:3    | Noticed a Tzitzimitl
 37039 | Elf:3    | Noticed a deep elf master archer
 37049 | Elf:3    | Killed a deep elf master archer
 37346 | Elf:3    | Identified the +8 shortbow of Circular Logic {freeze, rC+
                  | Will+ rCorr SInv}
 37347 | Elf:3    | Identified the +7 scale mail "Veffioll" {+Inv Will+++ Int-3
                  | Stlth-}
 37436 | Elf:3    | Identified the +9 fustibalus of Qororph {flame, rElec rF-
                  | Int+3}
 37444 | Elf:3    | Identified the +3 quick blade of the Blind Eye {drain,
                  | rPois rCorr Int+4}
 37449 | Elf:3    | Identified the +5 falchion of the Living Dead {vorpal, rF+
                  | Int+7 Dex+3}
 37451 | Elf:3    | Gained mutation: You are mostly covered in sharp spines.
                  | [demonic ancestry]
 37451 | Elf:3    | Reached XP level 18. HP: 109/131 MP: 18/18
 37488 | Elf:3    | Identified the ring "Fumaurosch" {rF+ rCorr EV+4 Str+4
                  | Int-2}
 37495 | Elf:3    | Identified the +0 pair of boots of the Griffon {Fly}
 37603 | Elf:3    | Identified the +8 plate armour "Wab Uto" {+Inv rElec Int-3
                  | Dex+3}
 37844 | Elf:3    | Identified the +3 hunting sling "Cobuxt" {freeze, Will++}
 37853 | Elf:3    | Lost mutation: You are dopey. (Int -2) [potion of mutation]
 37853 | Elf:3    | Lost mutation: You are frail. (-10% HP) [potion of
                  | mutation]
 37853 | Elf:3    | Gained mutation: You tend to lose your temper in combat.
                  | [potion of mutation]
 37887 | Elf:3    | Got Juesorgh's Handbook of Feathery Black Rituals
 37892 | Elf:3    | Got the Guide on Transformation and Dislocation
 37898 | Elf:3    | Got the Catalogue of Attacks
 38106 | Elf:3    | Got the Incunabulum of the Compass and Dark Rituals
 38468 | Spider:1 | Entered Level 1 of the Spider Nest
 38654 | Spider:1 | Noticed Agnes
 38721 | Spider:1 | Killed Agnes
 39234 | Spider:2 | Noticed Arachne
 39246 | Spider:2 | HP: 1/147 [Arachne (10)]
 39247 | Spider:2 | Demolished by Arachne

Illustrated notes

Levels and vault maps discovered:
D:1:      sevenhm_arrival_forest_fort_small_3, layout_basic
D:2:      layout_basic, chequers_ecumenical_altar_simple, minmay_split_cup_small
D:3:      layout_rooms, uniq_crazy_yiuf_cottage
D:4:      layout_cave_pods, enter_ossuary_2, kennysheep_opposing_triangles
D:5:      layout_basic, minmay_ogre_servants, uniq_sigmund, uniq_menkaure,
          uniq_edmund, uniq_pikel
D:6:      cheibrodos_fertilizer, layout_cave_pools,
          minmay_temple_entry_enclosed_plants
D:7:      layout_loops_corners, kennysheep_diamond
D:8:      layout_loops_corners, elyvilon_altar_3, serial_shops, shop_fountains,
          kennysheep_generic_room_6
D:9:      layout_loops_cross
D:10:     layout_stronghold, orc_0_dummy, uniq_urug, uniq_nergalle
D:11:     layout_basic, dpeg_oklobed_lair, hellmonk_ghost_happy_afterlife
D:12:     layout_roguey, serial_corexii_hall, chequers_hall_statues_y,
          corexii_hall_statues_deadend, uniq_frances
D:13:     layout_basic
D:14:     layout_grid_maze, lightli_vaults_fourway_checkpoint
D:15:     hangedman_depths_entry_civil_slaughter, layout_basic,
          minmay_door_square, uniq_josephine, uniq_nessos
Temple:   kilobyte_greek_temple
Lair:1:   layout_long_grid, portal_ice_cave_demonic_guard
Lair:2:   layout_cave_pods, lemuel_fruit_tree, grunt_megastairs_3
Lair:3:   layout_loops_ring, chequers_serial_rivers_micro_c, st_stairs_13,
          serial_bayou_shore_b
Lair:4:   beast_lair_carwin_large_4, layout_loops_ring,
          minmay_swamp_entry_worms, nicolae_spider_entry_tight_spaces
Lair:5:   layout_small_grid, nicolae_lair_grazing_beasts
          [nicolae_sub_lair_graze_edge, nicolae_sub_lair_graze_edge,
          nicolae_sub_lair_graze_edge, nicolae_sub_lair_graze_edge],
          grunt_megastairs_1, infiniplex_staircase_pool_2
Lair:6:   hangedman_lair_caniforms_friends, layout_cave_pods, wormcave,
          slime_altar_1, serial_bayou_shore_b, infiniplex_staircase_pool,
          grunt_megastairs_2
Spider:1: layout_spider_delve, nicolae_spider_circle_web, uniq_agnes
Spider:2: layout_spider_delve, uniq_arachne
Orc:1:    layout_caves, lemuel_statue_altar
Orc:2:    pf_orc_diabolical, layout_diamond_mine
Elf:1:    kennysheep_blocky_hall, layout_loops_cross, minmay_elf_necromancy,
          library_closet, minmay_shop_grove, uniq_aizul
Elf:2:    nicolae_elf_blades_splatter_lattice
          [nicolae_blade_entry_floor_patterns], layout_geoelf_grid
Elf:3:    grunt_elf_hall_spiral, layout_rooms

Skill      XL: |  1  2  3  4  5  6  7  8  9 10 11 12 13 14 15 16 17 18 |
---------------+-------------------------------------------------------+-----
Throwing       | 2 3 4 5 6 7 8 9 10 11 12 | 12.4
Axes           | 3 4 5 6 7 8 9 10 11 12 13 | 13.5
Dodging        | 3 4 5 6 7 8 9 10 11 12 13 | 13.6
Armour         | 1 2 3 4 5 6 7 8 9 10 11 12 13 | 13.2
Fighting       | 3 4 5 6 7 8 9 10 11 12 13 14 | 14.5
Evocations     | 1 2 4 5 6 7 8 9 10 11 12 | 12.5
Shields        | 3 5 7 8 |  8.4
Polearms       | |  0.5

Action                   |  1- 3 |  4- 6 |  7- 9 | 10-12 | 13-15 | 16-18 || total
-------------------------+-------+-------+-------+-------+-------+-------++-------
Melee: War axe           |    63 |    51 |       |       |       |    64 ||   178
       Lajatang          |       |    94 |   256 |    18 |       |       ||   368
       Tailslap          |       |    11 |    47 |    96 |   264 |   105 ||   523
       Hand axe          |       |       |       |    54 |       |       ||    54
       Trident           |       |       |       |   475 |  1458 |   886 ||  2819
       Punch             |       |       |       |    11 |       |       ||    11
 Fire: Fustibalus        |       |       |       |       |   147 |   243 ||   390
Throw: Throwing net      |     2 |     2 |       |       |       |       ||     4
       Boomerang         |       |       |     8 |       |       |       ||     8
       Javelin           |       |       |       |    22 |    10 |    22 ||    54
       Dart              |       |       |       |     3 |       |       ||     3
Invok: Call Merchant     |       |       |       |       |     5 |       ||     5
Evoke: Wand              |       |     1 |       |    11 |       |     1 ||    13
  Use: Potion            |       |     3 |     4 |     4 |       |     4 ||    15
       Scroll            |       |       |       |     7 |    15 |    11 ||    33
 Stab: Sleeping          |     2 |       |       |     1 |     3 |       ||     6
       Held in net/web   |     1 |       |       |       |       |       ||     1
       Distracted        |       |       |       |     8 |    11 |     1 ||    20
Armor: Leather armour    |    13 |     2 |       |       |       |       ||    15
       Ring mail         |       |    37 |   128 |    50 |       |       ||   215
       Robe              |       |       |       |   149 |   290 |       ||   439
       Chain mail        |       |       |       |       |   120 |   312 ||   432
       Scale mail        |       |       |       |       |       |    21 ||    21
       Plate armour      |       |       |       |       |       |   212 ||   212
Dodge: Dodged            |    43 |    69 |   209 |   387 |  1104 |   629 ||  2441
Block: Buckler           |       |       |       |    29 |   290 |   349 ||   668

Table legend: (Time is in decaauts)
 A = Elapsed time spent in this place.
 B = Non-inter-level travel time spent in this place.
 C = Inter-level travel time spent in this place.
 D = Time resting spent in this place.
 E = Time spent auto-exploring this place.
 F = Levels seen in this place.
 G = Mean time per level.
                   A        B        C        D        E       F      G
               +--------+--------+--------+--------+--------+-----+--------+
         Total |  40072 |  37608 |   2464 |   5628 |  23059 |  31 | 1292.6 |
       Dungeon |  20354 |  18942 |   1412 |   3548 |  12072 |  15 | 1356.9 |
        Temple |     87 |     53 |     34 |      0 |     44 |   1 |   87.0 |
          Lair |   8155 |   7626 |    529 |    284 |   5178 |   6 | 1359.2 |
   Spider Nest |    624 |    607 |     17 |      0 |    383 |   2 |  312.0 |
  Orcish Mines |   2355 |   2103 |    252 |    401 |   1007 |   2 | 1177.5 |
   Elven Halls |   5850 |   5631 |    219 |   1171 |   2571 |   3 | 1950.0 |
       Ossuary |    657 |    657 |      0 |      0 |    483 |   1 |  657.0 |
      Ice Cave |   1986 |   1986 |      0 |    223 |   1320 |   1 | 1986.0 |
               +--------+--------+--------+--------+--------+-----+--------+

Top non-repeatable levels by time:
    D:11: 3567 daAuts
   Elf:2: 2717 daAuts
  Lair:6: 2356 daAuts
   IceCv: 1986 daAuts
     D:4: 1875 daAuts
   Orc:2: 1855 daAuts
   Elf:1: 1709 daAuts
     D:6: 1678 daAuts
  Lair:4: 1558 daAuts
    D:10: 1486 daAuts
   Elf:3: 1422 daAuts
  Lair:5: 1357 daAuts
     D:9: 1304 daAuts
    D:14: 1215 daAuts
     D:2: 1213 daAuts
